 Dungeon Crawl Stone Soup version 0.29.1-2-gbd0b4ee654 (webtiles) character file.

Game seed: 12031264324359421438

28385 qeuew the Cleaver (level 13, 0/98 HPs)
             Began as a Demonspawn Gladiator on Nov 5, 2022.
             Was the Champion of Cheibriados.
             Slain by a black mamba (38 damage)
             ... on level 4 of the Lair of Beasts.
             The game lasted 00:42:54 (15265 turns).

qeuew the Cleaver (Demonspawn Gladiator)           Turns: 15265, Time: 00:42:55

Health: 0/98       AC: 24    Str: 38    XL:     13   Next: 9%
Magic:  8/24       EV:  2    Int: 26    God:    Cheibriados [******]
Gold:   860        SH:  0    Dex: 29    Spells: 21/27 levels left

rFire   + . .      SeeInvis .   m - +0 war axe (protect)
rCold   + . .      Faith    .   (no shield)
rNeg    . . .      Spirit   .   A - +0 scale mail
rPois   +          Reflect  .   (helmet restricted)
rElec   .          Harm     .   C - +0 cloak
rCorr   .          Rampage  .   k - +2 pair of gloves
Will    +....                   s - +2 pair of boots of Qixtant {Will+ Str+4 Int+2}
Stlth   +.........              h - amulet of regeneration
HPRegen 1.06/turn               B - +4 ring of protection
MPRegen 0.19/turn               z - +4 ring of slaying

@: sleeping, slowed, very slow
A: antennae 2, icy blue scales 3, ignite blood 1, powered by death 1, hooves 1,
clumsy 1, fire resistance 1, poison resistance, MP-powered wands
a: Renounce Religion, Bend Time, Temporal Distortion, Slouch, Step From Time


You were on level 4 of the Lair of Beasts.
You worshipped Cheibriados.
Cheibriados was exalted by your worship.
You visited 3 branches of the dungeon, and saw 16 of its levels.
You also visited: Sewer.

You collected 860 gold pieces.

Inventory:

Hand Weapons
 m - a +0 war axe of protection (weapon)
Armour
 k - a +2 pair of gloves (worn)
 s - the +2 pair of boots of Qixtant (worn) {Will+ Str+4 Int+2}
   (You acquired it on level 8 of the Dungeon)

   Str:       It affects your strength (+4).
   Int:       It affects your intelligence (+2).
   Will:      It increases your willpower.
 A - a +0 scale mail (worn)
 C - a +0 cloak (worn)
Jewellery
 e - a ring of see invisible
 h - an amulet of regeneration (around neck)
 z - a +4 ring of slaying (right hand)
 B - a +4 ring of protection (left hand)
 E - a ring of willpower
Wands
 o - a wand of iceblast (4)
 p - a wand of polymorph (9)
 t - a wand of digging (11)
 u - a wand of flame (21)
 x - a wand of quicksilver (13)
 y - a wand of charming (14)
Scrolls
 a - 3 scrolls of amnesia
 d - 3 scrolls of summoning
 f - 4 scrolls of teleportation
 j - 4 scrolls of identify
 n - 4 scrolls of enchant weapon
 q - 2 scrolls of enchant armour
 r - 2 scrolls of magic mapping
 w - 2 scrolls of poison
Potions
 b - 7 potions of flight
 c - 2 potions of might
 g - 3 potions of mutation
 i - 5 potions of curing
 l - 4 potions of ambrosia
 D - a potion of heal wounds
 F - a potion of brilliance


   Skills:
 * Level 7.6 Fighting
 * Level 9.9(10.0) Axes
 - Level 2.5(6.7) Maces & Flails
 - Level 0.4 Ranged Weapons
 - Level 1.7 Throwing
 * Level 7.6 Armour
 * Level 7.5 Dodging
 * Level 7.9 Spellcasting
 * Level 7.4 Conjurations
 - Level 3.4 Summonings
 * Level 1.6 Translocations
 * Level 7.3 Earth Magic


You had 21 spell levels left.
You knew the following spells:

 Your Spells              Type           Power      Damage    Failure   Level
a - Sandblast             Erth           96%        2d20      1%          1
b - Stone Arrow           Conj/Erth      96%        3d13      1%          3
d - Blink                 Tloc           36%        N/A       8%          2

Your spell library contained the following spells:

 Spells                   Type           Power      Damage    Failure   Level
 Passwall                 Tmut/Erth      24%        N/A       3%          2
 Call Canine Familiar     Summ           28%        N/A       7%          3
 Lesser Beckoning         Tloc           18%        N/A       14%         3
 Summon Guardian Golem    Hex/Summ       19%        N/A       14%         3
 Portal Projectile        Hex/Tloc       28%        N/A       21%         3
 Leda's Liquefaction      Hex/Erth       14%        N/A       22%         4
 Summon Forest            Summ/Tloc      11%        N/A       67%         5
 Manifold Assault         Tloc           18%        N/A       80%         5
 Orb of Destruction       Conj           24%        9d9       98%         7
 Eringya's Noxious Bog    Tmut/Pois      5%         N/A       100%        6
 Spellforged Servitor     Conj/Summ      19%        N/A       100%        7
 Summon Hydra             Summ           14%        N/A       100%        7


Dungeon Overview and Level Annotations

Branches:
Dungeon (11/15)            Temple (1/1) D:4            Lair (4/5) D:11
 Shoals (0/4) Lair:2       Spider (0/4) Lair:2          Orc (0/2) D:11
  Sewer (visited)
  Slime: Lair:4-5

Altars:
Ashenzari
Cheibriados
Dithmenos
Gozag
Hepliaklqana
Kikubaaqudgha
Makhleb
Nemelex Xobeh
Okawaru
Qazlal
Ru
Sif Muna
Trog
Uskayaw
Vehumet
Wu Jian
Xom
Yredelemnul

Shops:
D:1 =   D:3 :   D:4 (   D:11 *(*

Annotations:
D:8 1 runed translucent door, Du3lingdragon's ghost, novice BaSu
D:11 1 runed translucent door, DemonSlayer's ghost, journeyman DsFE
Lair:2 3 runed translucent doors, Kazon's ghost, journeyman DrBe
Lair:3 1 runed translucent door, exclusion: oklob plant, IntegralDomain's ghost, journeyman MiBe


Innate Abilities, Weirdness & Mutations

You have a pair of antennae on your head.
You are completely covered in icy blue scales. (AC +4, rC+)
Your demonic aura sometimes causes spilled blood to erupt in flames.
You regenerate a little health from kills.
You have large cloven feet.
You are clumsy. (Dex -2)
Your flesh is heat resistant. (rF+)
Your system is resistant to poisons. (rPois)
You expend magic power (3 MP) to strengthen your wands.


Message History

The six-headed hydra bites you! The six-headed hydra barely misses you.
The six-headed hydra completely misses you.
The six-headed hydra barely misses you.
Aiming: Stone Arrow (safe; 1% risk of failure)
Press: ? - help, Q - select action, (/) - cycle Shift-Dir - straight line, f/p - six-headed hydra
Aim: a six-headed hydra (heavily wounded, 92% to hit)
The stone arrow hits the six-headed hydra!!
The six-headed hydra is severely wounded.
You are overwhelmed by glittering dream dust!
You feel drowsy...
You fall asleep.
The dream sheep bites you!
You wake up.
The dream sheep bites you but does no damage.
The six-headed hydra misses you. x2; The six-headed hydra bites you!
The six-headed hydra bites you. x2
The six-headed hydra completely misses you.
The dream sheep bites you but does no damage. x2
Aiming: Stone Arrow (safe; 1% risk of failure)
Press: ? - help, Q - select action, (/) - cycle Shift-Dir - straight line, f/p - six-headed hydra
Aim: a six-headed hydra (severely wounded, 92% to hit)
Okay, then.
Blink to where?
Press: ? - help, Dir - move target, p - six-headed hydra
As you read the scroll of blinking, it crumbles to dust.
A black mamba comes into view.
Unknown command.
Aiming: Stone Arrow (safe; 1% risk of failure)
Press: ? - help, Q - select action, (/) - cycle Shift-Dir - straight line, f - six-headed hydra
Aim: a six-headed hydra (severely wounded, 92% to hit)
The stone arrow hits the six-headed hydra!!
The six-headed hydra is almost dead.
Aiming: Stone Arrow (safe; 1% risk of failure)
Press: ? - help, Q - select action, (/) - cycle Shift-Dir - straight line, f/p - six-headed hydra
Aim: a six-headed hydra (almost dead, 92% to hit)
The stone arrow hits the six-headed hydra!!
You kill the six-headed hydra!
Cheibriados thoroughly appreciates the change of pace.
The dream sheep shake their wool and sparkle.
You feel drowsy...
You fall asleep.
The black mamba bites you!!!
You die...

#.........##P##.....
#..>^..#### ###.....
#......# ......
##.....# #......#
##.)...# ###.....##
#.#.S....# #..@...##
##.Y....# #.Y...##
##.YYY.# #Yw.)..#
#..Y...# ##......#
#........ #†.......


You could see a torpor snail, a black mamba and 7 dream sheep.

Vanquished Creatures
  Snorg (Lair:3)
  4 hydras
  Harold (D:11)
  2 boulder beetles
  A centaur warrior (D:9)
  3 two-headed ogres
  A death yak (Lair:3)
  Nergalle (Lair:1)
  Amaemon (D:8)
  Pikel (D:4)
  A lindwurm (Lair:3)
  An ugly thing (D:11)
  A cyclops (D:11)
  A merfolk siren (Lair:2)
  2 gargoyles (D:11)
  A kobold demonologist (D:11)
  An orange demon (D:8)
  5 cane toads
  2 rime drakes
  A rime drake (shapeshifter) (D:9)
  6 komodo dragons
  A queen bee (D:10)
  A polar bear (Lair:1)
  4 hornets
  A dream sheep (Lair:4)
  5 blink frogs (Lair:2)
  A wyvern (D:7)
  2 wraiths
  A vampire (D:11)
  14 yaks
  A steam dragon (D:8)
  A basilisk (Lair:2)
  A vampire mosquito (D:9)
  7 water moccasins
  2 sky beasts
  3 orc warriors
  A black bear (D:6)
  3 ogres
  13 wolves
  4 centaurs
  2 kobold brigands
  2 necrophages
  6 bullfrogs
  3 scorpions
  3 wights (D:9)
  40 killer bees
  5 howler monkeys
  2 electric eels (D:6)
  An iron imp (D:5)
  2 jellies
  2 orc priests
  A gnoll bouda (D:4)
  9 iguanas
  3 orc wizards
  4 gnolls (D:4)
  11 adders
  5 river rats
  2 white imps
  An ufetubus (D:6)
  4 worms
  2 dart slugs
  32 orcs
  14 bats
  7 endoplasms
  5 giant cockroaches
  8 goblins
  4 hobgoblins
  5 jackals
  4 quokkas
  15 ball pythons
  6 frilled lizards
  2 goblin skeletons (D:5)
  A hobgoblin zombie (D:5)
  13 kobolds
  2 orc zombies (D:5)
  2 rats
334 creatures vanquished.

Vanquished Creatures (collateral kills)
  A centaur warrior (D:9)
1 creature vanquished.

Vanquished Creatures (others)
  4 fungi
  24 plants
28 creatures vanquished.

Grand Total: 363 creatures vanquished

Notes
Turn   | Place    | Note
-------+----------+-------------------------------------------
     0 | D:1      | qeuew the Demonspawn Gladiator began the quest for the Orb.
     0 | D:1      | Reached XP level 1. HP: 16/16 MP: 1/1
    25 | D:1      | Found Oraa's Jewellery Shop.
   141 | D:1      | Gained mutation: You have a pair of small antennae on your
                  | head. [demonic ancestry]
   141 | D:1      | Reached XP level 2. HP: 20/22 MP: 2/2
   591 | D:1      | Reached skill level 3 in Axes
   827 | D:2      | Reached skill level 1 in Armour
   863 | D:2      | Reached XP level 3. HP: 26/27 MP: 3/3
  1191 | D:2      | Found a faded altar of an unknown god.
  1496 | D:3      | Found a stormy altar of Qazlal.
  1555 | D:3      | Gained mutation: Your demonic aura sometimes causes spilled
                  | blood to erupt in flames. [demonic ancestry]
  1555 | D:3      | Reached XP level 4. HP: 34/34 MP: 4/4
  1586 | D:3      | Found Yheav's Vocational Training.
  1596 | D:3      | Learned a level 1 spell: Sandblast
  1750 | D:3      | Found a basalt altar of Yredelemnul.
  1885 | D:4      | Noticed a lemure
  1886 | D:4      | Noticed Pikel
  1888 | D:4      | Noticed a lemure
  1889 | D:4      | Noticed a lemure
  1891 | D:4      | Noticed a lemure
  1907 | D:4      | Killed Pikel
  1908 | D:4      | Reached skill level 4 in Axes
  1908 | D:4      | Reached skill level 1 in Spellcasting
  1908 | D:4      | Reached skill level 1 in Earth Magic
  1908 | D:4      | Gained mutation: You are partially covered in icy blue
                  | scales. (AC +2) [demonic ancestry]
  1908 | D:4      | Reached XP level 5. HP: 9/41 MP: 4/7
  1908 | D:4      | Gained mutation: You are mostly covered in icy blue scales.
                  | (AC +3) [demonic ancestry]
  1908 | D:4      | Reached XP level 6. HP: 10/47 MP: 4/8
  1908 | D:4      | Reached XP level 7. HP: 11/52 MP: 4/9
  2178 | D:4      | Found Iggiur's Antique Weapon Shop.
  2228 | D:4      | Found a staircase to the Ecumenical Temple.
  2236 | Temple   | Entered the Ecumenical Temple
  2322 | Temple   | Became a worshipper of Cheibriados the Contemplative
  3070 | D:4      | Gained mutation: Your system is resistant to poisons.
                  | (rPois) [potion of mutation]
  3070 | D:4      | Gained mutation: You have a pair of antennae on your head.
                  | [potion of mutation]
  3071 | D:4      | Lost mutation: Your system is resistant to poisons. (rPois)
                  | [potion of mutation]
  3071 | D:4      | Lost mutation: You have a pair of antennae on your head.
                  | [potion of mutation]
  3071 | D:4      | Gained mutation: You are clumsy. (Dex -2) [potion of
                  | mutation]
  3071 | D:4      | Gained mutation: Your system is resistant to poisons.
                  | (rPois) [potion of mutation]
  3071 | D:4      | Gained mutation: You have hidden genetic potential. [potion
                  | of mutation]
  3083 | D:5      | Entered Level 5 of the Dungeon
  3132 | D:5      | Reached skill level 1 in Maces & Flails
  3170 | D:5      | Found a glowing drain.
  3189 | D:5      | Reached * piety under Cheibriados
  3209 | Sewer    | Entered a sewer
  3221 | Sewer    | Gained mutation: You have a pair of antennae on your head.
                  | [demonic ancestry]
  3221 | Sewer    | Reached XP level 8. HP: 60/60 MP: 11/11
  3372 | Sewer    | Reached ** piety under Cheibriados
  3427 | Sewer    | Learned a level 3 spell: Stone Arrow
  4059 | D:5      | Reached *** piety under Cheibriados
  4060 | D:5      | Reached skill level 1 in Conjurations
  4070 | D:5      | Gained mutation: You expend magic power (3 MP) to
                  | strengthen your wands. [hidden potential]
  4839 | D:6      | Reached skill level 5 in Axes
  5476 | D:7      | Reached XP level 9. HP: 61/66 MP: 9/14
  5617 | D:7      | Gained mutation: You have great hidden genetic potential.
                  | [hidden potential]
  5617 | D:7      | Lost mutation: You have great hidden genetic potential.
                  | [hidden potential expressed]
  5624 | D:7      | Paralysed by a hornet for 1 turns
  5633 | D:7      | Reached **** piety under Cheibriados
  5634 | D:7      | Reached skill level 5 in Dodging
  6061 | D:8      | Found a runed translucent door.
  6063 | D:8      | Noticed Du3lingdragon's ghost (novice BaSu)
  6088 | D:8      | Reached skill level 5 in Fighting
  6096 | D:8      | Identified the +1 leather armour of the Shining Light {Harm
                  | MP+9 Str-5}
  6251 | D:8      | Reached skill level 5 in Armour
  6304 | D:8      | Reached skill level 6 in Axes
  6332 | D:8      | Found a shimmering blue altar of Sif Muna.
  6418 | D:8      | Noticed Amaemon
  6435 | D:8      | Killed Amaemon
  6436 | D:8      | Gained mutation: You regenerate a little health from kills.
                  | [demonic ancestry]
  6436 | D:8      | Reached XP level 10. HP: 53/74 MP: 11/17
  6477 | D:8      | Noticed an orange demon
  6486 | D:8      | Killed an orange demon
  6511 | D:8      | Gained mutation: Your flesh is heat resistant. (rF+)
                  | [hidden potential]
  6897 | D:8      | Identified a scroll of acquirement
  6897 | D:8      | Acquired the +2 pair of boots of Qixtant {Will+ Str+4
                  | Int+2}
  7073 | D:9      | Reached skill level 5 in Spellcasting
  7305 | D:9      | Reached ***** piety under Cheibriados
  7458 | D:9      | Reached skill level 7 in Axes
  7469 | D:9      | Reached skill level 5 in Earth Magic
  7558 | D:9      | Noticed a centaur warrior
  7560 | D:9      | Noticed a boulder beetle
  7567 | D:9      | Noticed a centaur warrior
  7567 | D:9      | Killed a centaur warrior
  7577 | D:9      | Killed a centaur warrior
  7671 | D:9      | Noticed a two-headed ogre
  7678 | D:9      | Killed a two-headed ogre
  7679 | D:9      | Reached skill level 8 in Axes
  7921 | D:9      | Killed a boulder beetle
  7922 | D:9      | Reached XP level 11. HP: 45/81 MP: 1/19
  8239 | D:10     | Entered Level 10 of the Dungeon
  8843 | D:10     | Learned a level 7 spell: Spellforged Servitor
  9125 | D:10     | Noticed a two-headed ogre
  9129 | D:10     | Killed a two-headed ogre
  9130 | D:10     | Reached skill level 5 in Conjurations
  9413 | D:10     | Reached skill level 1 in Summonings
  9611 | D:11     | Reached ****** piety under Cheibriados
  9794 | D:11     | Noticed a green ugly thing
  9806 | D:11     | Killed a green ugly thing
  9807 | D:11     | Reached skill level 9 in Axes
  9835 | D:11     | Found Tahir's Antique Weapon Shoppe.
  9854 | D:11     | Paralysed by a hornet for 1 turns
  9957 | D:11     | Found a staircase to the Lair.
  9973 | D:11     | Found a runed translucent door.
  9976 | D:11     | Noticed DemonSlayer's ghost (journeyman DsFE)
  9976 | D:11     | Identified the +5 spear of Xonimef {freeze, Will+}
  9977 | D:11     | Noticed a spriggan rider
  9984 | D:11     | Noticed a two-headed ogre
  9988 | D:11     | Killed a two-headed ogre
 10076 | D:11     | Found Niuf's Assorted Antiques.
 10077 | D:11     | Noticed Harold
 10092 | D:11     | Killed Harold
 10331 | D:11     | Found a staircase to the Orcish Mines.
 10605 | D:11     | Found Vousizxe's Fire Supplies.
 10644 | D:11     | Identified the +6 whip of Demand {vamp, rPois}
 10654 | D:11     | Gained mutation: You are completely covered in icy blue
                  | scales. (AC +4, rC+) [demonic ancestry]
 10654 | D:11     | Reached XP level 12. HP: 89/89 MP: 11/21
 11081 | Lair:1   | Entered Level 1 of the Lair of Beasts
 11091 | Lair:1   | Gained mutation: You have large cloven feet. [hidden
                  | potential]
 11091 | Lair:1   | Lost mutation: You have hidden genetic potential. [hidden
                  | potential expressed]
 11313 | Lair:1   | Noticed a six-headed hydra
 11317 | Lair:1   | Killed a six-headed hydra
 11891 | Lair:1   | Noticed Nergalle
 11907 | Lair:1   | Killed Nergalle
 12325 | Lair:2   | Found a hole to the Spider Nest.
 12710 | Lair:2   | Found a staircase to the Shoals.
 12972 | Lair:2   | Found the +18 Lear's hauberk
 12991 | Lair:2   | Found a runed translucent gate.
 12992 | Lair:2   | Found a runed translucent gate.
 12993 | Lair:2   | Found a runed translucent gate.
 12995 | Lair:2   | Noticed Kazon's ghost (journeyman DrBe)
 12995 | Lair:2   | Noticed an 11-headed hydra
 13070 | Lair:2   | Learned a level 2 spell: Blink
 13761 | Lair:3   | Found a snail-covered altar of Cheibriados.
 13885 | Lair:3   | Found a runed translucent door.
 13889 | Lair:3   | Noticed IntegralDomain's ghost (journeyman MiBe)
 14075 | Lair:3   | Noticed a four-headed hydra
 14078 | Lair:3   | Killed a four-headed hydra
 14129 | Lair:3   | Reached skill level 1 in Translocations
 14466 | Lair:3   | Noticed Snorg
 14472 | Lair:3   | Killed Snorg
 14750 | Lair:3   | Noticed a death yak
 14751 | Lair:3   | Noticed a boulder beetle
 14754 | Lair:3   | Killed a death yak
 14775 | Lair:3   | Killed a boulder beetle
 14776 | Lair:3   | Reached XP level 13. HP: 85/97 MP: 3/24
 15265 | Lair:4   | Slain by a black mamba

Illustrated notes

Levels and vault maps discovered:
D:1:      minmay_arrival_glassed_features, layout_rooms, serial_shops, shop,
          minivault_27, st_stairs_3
D:2:      layout_loops_ring, basic_ecumenical_altar
D:3:      layout_rooms, lemuel_round_altar, mainiacjoe_overflow_alcove_4,
          kennysheep_decorative_pillar, supply_closet_lemuel,
          nicolae_shop_vocational
D:4:      layout_loops_cross, minmay_temple_entry_gardened_gates, serial_shops,
          nicolae_shop_crystal, uniq_pikel
D:5:      layout_rooms, nicolae_tso_besieged_by_evil,
          cheibrodos_sewer_entry_sluice, item_on_display_a
D:6:      hellmonk_crumbling_castle, layout_loops_ring, serial_bayou,
          serial_bayou_lake_a, serial_bayou_crossing, serial_bayou_pond_e
D:7:      layout_cave_pools
D:8:      layout_basic, mainiacjoe_overflow_24_doors,
          hellmonk_ghost_happy_afterlife, uniq_amaemon
D:9:      minmay_blocky_corners, layout_stronghold, minivault_24
D:10:     layout_loops_ring, special_room [special_room_bee]
D:11:     layout_long_grid, lair_entry_dummy, david_orc_2,
          ebering_ghost_funeral_grove, serial_shops, nicolae_shop_hallway_plus,
          nicolae_stop_n_shop_2, nicolae_shop_fire_sale
          [nicolae_sub_dead_trees], uniq_harold
Temple:   regret_index_temple_chain_breaker
Lair:1:   layout_misc_corridors, uniq_nergalle
Lair:2:   layout_gridlike, minmay_shoals_entry_lonely_mermaid,
          spider_nest_entry_web_field, gammafunk_ghost_hydra_chop,
          serial_bayou_shore_b, infiniplex_staircase_pool_2
Lair:3:   layout_regular_city, ebering_ghost_inner_flame, basic_altar,
          minmay_shattered_shrine, serial_bayou_shore_a, uniq_snorg
Lair:4:   dreamdust_cave_troll, layout_big_grid

Skill      XL: |  1  2  3  4  5  6  7  8  9 10 11 12 |
---------------+-------------------------------------+-----
Axes           | 3 4 5 6 8 9 |  9.9
Dodging        | 3 4 5 6 7 |  7.5
Armour         | 1 3 4 5 6 7 |  7.6
Fighting       | 3 4 5 6 7 |  7.6
Spellcasting   | 1 2 3 4 5 6 7 |  7.9
Earth Magic    | 1 2 3 4 5 6 7 |  7.3
Maces & Flails | 1 2 |  2.5
Conjurations   | 2 3 4 5 7 |  7.4
Summonings     | 2 3 |  3.4
Translocations | 1 |  1.6
Ranged Weapons | |  0.4
Throwing       | |  1.7

Action                   |  1- 3 |  4- 6 |  7- 9 | 10-12 | 13-15 || total
-------------------------+-------+-------+-------+-------+-------++-------
Melee: War axe           |   100 |    25 |   117 |   336 |       ||   578
       Punch             |     2 |       |     4 |     7 |       ||    13
       Mace              |       |       |   356 |       |       ||   356
 Fire: Sling             |    13 |       |       |       |       ||    13
 Cast: Sandblast         |       |       |    87 |    16 |       ||   103
       Stone Arrow       |       |       |     1 |   215 |     9 ||   225
  Use: Scroll            |     8 |     4 |     6 |     8 |     1 ||    27
       Potion            |     2 |     1 |     6 |     4 |       ||    13
 Stab: Petrified         |     5 |       |       |       |       ||     5
       Petrifying        |     1 |       |       |       |       ||     1
       Sleeping          |       |       |     1 |       |       ||     1
       Distracted        |       |       |     1 |     2 |       ||     3
Armor: Leather armour    |    21 |       |       |       |       ||    21
       Ring mail         |    22 |    10 |   330 |   147 |       ||   509
       Scale mail        |       |       |       |    32 |    20 ||    52
Dodge: Dodged            |    82 |    13 |   530 |   424 |    22 ||  1071
